 Dungeon Crawl Stone Soup version 0.18-a0-49-gd105b5a (webtiles) character file.

668 Duffy the Skirmisher (level 7, -3/60 HPs)
             Began as a Formicid Hunter on Nov 6, 2015.
             Killed from afar by an orc wizard (7 damage)
             ... with a puff of flame
             ... on level 5 of the Dungeon.
             The game lasted 00:06:44 (5168 turns).

Duffy the Skirmisher (Formicid Hunter)              Turns: 5168, Time: 00:06:44

Health: -3/60      AC:  6    Str: 16    XL:     7   Next: 88%
Magic:  9/9        EV: 12    Int: 11    God:
Gold:   61         SH:  0    Dex: 13    Spells: 0 memorised, 6 levels left

rFire  . . .     SeeInvis +     h - +1 short sword (venom)
rCold  + . .     Clarity  .     d - +0 leather armour
rNeg   . . .     SustAt   .     (no shield)
rPois  .         Gourm    +     (helmet unavailable)
rElec  .         Spirit   .     E - +0 cloak
rCorr  .         Warding  .     I - +0 pair of gloves
rMut   .         Stasis   +     o - +0 pair of boots
MR     .....                    k - amulet of the gourmand
Stlth  +.........               (no ring)
                                p - ring of protection from cold

@: lethally poisoned (-3 -> -37), not resistant to hostile enchantments, very
unstealthy
A: permanent stasis, dig shafts and tunnels, four strong arms, antennae 3
a: Dig, Shaft Self


You were on level 5 of the Dungeon.
You were completely stuffed.

You visited 1 branch of the dungeon, and saw 5 of its levels.

You collected 319 gold pieces.
You spent 258 gold pieces at shops.


Innate Abilities, Weirdness & Mutations

You are under a permanent stasis effect.
You can dig through walls and to a lower floor.
Your four strong arms can wield two-handed weapons with a shield.
You have a pair of large antennae on your head (SInv).


   Skills:
 - Level 7.0 Fighting
 - Level 4.0 Throwing
 - Level 2.2 Armour
 - Level 2.4 Dodging
 - Level 1.2 Stealth
 + Level 3.0 Evocations


You had 6 spell levels left.
You didn't know any spells.

Inventory:

Hand Weapons
 c - a +0 short sword
 h - a +1 short sword of venom (weapon)
 q - a +0 blowgun
Missiles
 a - 6 javelins (quivered)
 b - a throwing net
 r - 9 poisoned needles
 B - 2 tomahawks
Armour
 d - a +0 leather armour (worn)
 o - a +0 pair of boots (worn)
 z - a +0 plate armour
 E - a +0 cloak (worn)
 I - a +0 pair of gloves (worn)
Jewellery
 k - an amulet of the gourmand (around neck)
 p - a ring of protection from cold (left hand)
Wands
 u - a wand of draining (5)
 x - a wand of digging (6)
 G - a wand of digging (2)
 J - a wand of paralysis (9)
Scrolls
 g - 2 scrolls of fear {unknown}
 i - 2 scrolls of recharging {unknown}
 j - 2 scrolls of enchant armour {unknown}
 v - 4 scrolls of identify {unknown}
 w - a scroll of immolation {unknown}
 y - 3 scrolls of teleportation {unknown}
 C - a scroll of noise {unknown}
 D - a scroll of silence {unknown}
 F - a scroll of random uselessness {unknown}
 H - a scroll of remove curse {unknown}
 O - a scroll of fog {unknown}
 P - a scroll of enchant weapon {unknown}
 R - a scroll of blinking {unknown}
Potions
 l - 2 potions of heal wounds {unknown}
 m - 4 potions of curing
 n - 2 potions of might
 A - a potion of cure mutation {unknown}
 K - a potion of agility
 L - 2 potions of brilliance {unknown}
 M - a potion of cancellation
 N - a potion of lignification
 Q - a potion of berserk rage
Books
 s - a book of Dreams
Comestibles
 e - 3 bread rations
 f - a beef jerky
 t - 2 meat rations

Dungeon Overview and Level Annotations

Branches:
Dungeon (5/15)
 Temple: D:4-7

Altars:
Fedhas
Gozag
Xom

Shops:
D:5 !}:!

Annotations:
D:3 SlimeFever's ghost, amateur DDFi


Message History

The gnoll closely misses you. The orc misses you.
You hit the orc wizard.
The orc wizard looks even sicker.
The orc wizard is moderately wounded.
You feel very sick.
The giant frog zombie hits you but does no damage.
The orc wizard hits you with a dagger of venom.
You are lethally poisoned!
The orc hits you. The gnoll hits you with a spear.
The giant frog zombie hits you but does no damage.
You are too injured to fight recklessly!
You are too injured to fight recklessly!
You are too injured to fight recklessly!
You are too injured to fight recklessly!
You are too injured to fight recklessly!
You are too injured to fight recklessly!
You are too injured to fight recklessly!
You are too injured to fight recklessly!
You are too injured to fight recklessly!
You are too injured to fight recklessly!
You are too injured to fight recklessly!
You are too injured to fight recklessly!
You are too injured to fight recklessly!
You feel very sick. The gnoll misses you. The gnoll closely misses you.
You feel very sick.
The gnoll hits you from afar with a spear.
You feel very sick.
The orc wizard hits you but does no damage.
You are more poisoned.
The gnoll misses you.
You see here a throwing net.
You feel very sick.
The orc wizard points at you and mumbles some strange words.
The puff of flame hits you!
You die...

.....# #..##...# #.####
..{...#####.....#.# #....##
g.o...........#...######....##
.......'......................
.......##o....##.#######....##
......##)#g.o###.# #.....#
.....# ##.Zg####.# #..##.#
#...# ##oo###..# #..##.# ##'#
#..(@...# #.....# #. #.####.##
#.##### . { #.# #.# #####.##
### #.# #......# #.#
#.###.##### #.# #.# ###..###
#.# #.# ##.#≈.## .# #.#
#.⌠..... #.#####.##.#


You could see an orc wizard, an orc (berserk) and a giant frog zombie.

Action                   |  1- 3 |  4- 6 |  7- 9 || total
-------------------------+-------+-------+-------++-------
Melee: Short sword       |    21 |   171 |   122 ||   314
Throw: Javelin           |     5 |       |       ||     5
       Throwing net      |     2 |       |       ||     2
 Abil: Dig               |     2 |     2 |     1 ||     5
 Stab: Sleeping          |       |     5 |     1 ||     6
       Invisible         |       |       |     1 ||     1
  Eat: Chunk             |       |    10 |    15 ||    25

Notes
Turn   | Place    | Note
--------------------------------------------------------------
     0 | D:1      | Duffy the Formicid Hunter began the quest for the Orb.
     0 | D:1      | Reached XP level 1. HP: 16/16 MP: 1/1
   124 | D:2      | Noticed Sigmund
   143 | D:2      | Killed Sigmund
   143 | D:2      | Reached skill level 6 in Fighting
   143 | D:2      | Reached XP level 2. HP: 12/28 MP: 2/2
   143 | D:2      | Reached XP level 3. HP: 14/34 MP: 3/3
   143 | D:2      | Reached XP level 4. HP: 16/40 MP: 4/4
   143 | D:2      | Reached XP level 5. HP: 18/46 MP: 5/5
  1073 | D:2      | Reached XP level 6. HP: 45/52 MP: 6/6
  1305 | D:2      | Found a blossoming altar of Fedhas.
  1766 | D:2      | Reached skill level 4 in Throwing
  2243 | D:3      | Noticed SlimeFever's ghost (amateur DDFi)
  2332 | D:4      | Reached skill level 2 in Dodging
  2662 | D:3      | Found an opulent altar of Gozag.
  2910 | D:3      | Reached XP level 7. HP: 28/59 MP: 7/7
  3615 | D:3      | Reached skill level 7 in Fighting
  4211 | D:5      | Entered Level 5 of the Dungeon
  4274 | D:5      | Reached skill level 2 in Armour
  4414 | D:5      | Found Atistuga's Distillery.
  4417 | D:5      | Bought a potion of might for 44 gold pieces
  4417 | D:5      | Bought a potion of agility for 44 gold pieces
  4417 | D:5      | Bought a potion of degeneration for 11 gold pieces
  4417 | D:5      | Bought a potion of poison for 11 gold pieces
  4417 | D:5      | Bought a potion of cancellation for 88 gold pieces
  4417 | D:5      | Bought a potion of lignification for 33 gold pieces
  4417 | D:5      | Bought a potion of mutation for 27 gold pieces
  4498 | D:5      | Reached skill level 1 in Evocations
  4524 | D:5      | Found Jeyqyo's Gadget Emporium.
  4575 | D:5      | Found a shimmering altar of Xom.
  4635 | D:5      | Reached skill level 2 in Evocations
  4939 | D:5      | Found Kaqueghe's Book Boutique.
  4940 | D:5      | Found Eruajeod's Distillery.
  5161 | D:5      | Reached skill level 3 in Evocations
  5168 | D:5      | Killed from afar by an orc wizard

Vault maps used:
D:1:      dpeg_arrival_refuge
D:2:      fedhas_altar_3, uniq_sigmund
D:3:      nicolae_gozag_seed_capital
D:4:      first_bread, nrook_loot_triangle
D:5:      serial_shops, shop, shop, nicolae_shop_behind_doors,
          kennysheep_little_box, shop, tgw_xom

Vanquished Creatures
  Sigmund
  A centaur
  A scorpion
  A crimson imp
  A centaur zombie
  A gnoll shaman
  A hound
  2 orc priests
  A giant frog skeleton
  A worker ant
  7 adders
  A gnoll
  3 worms
  4 giant geckos
  4 orcs
  5 giant cockroaches
  6 goblins
  8 hobgoblins
  7 jackals
  8 kobolds
  2 quokkas
  A ball python
  4 bats
  A giant gecko zombie
  3 giant newts
  3 rats
  A fungus
79 creatures vanquished.
